Map: 2000 Atmospheres LE

Players

Clem

  • Race: Terran Terran

Maru - Winner!

  • Race: Terran Terran

Event: DreamHack SC2 Masters 2021 Winter

VOD

https://www.youtube.com/watch?v=fwIly_CiE2c

Description

Time

  • Played on: Nov. 14, 2021, 8:08 a.m.
  • Length: 6:37

All games in this series

Show
View Real Time Build Order
Export as new Build Order

Clem Terran 

Build Orders:  

Get SALT Encoding   

  12  0:01  SCV  
  13  0:13  SCV  
  14  0:17  Supply Depot  
  14  0:26  SCV  
  15  0:39  SCV  
  15  0:40  Barracks  
  16  0:43  Refinery  
  16  0:51  SCV  
  17  0:57  Refinery  
  17  1:03  SCV  
  18  1:15  SCV  
  19  1:26  Reaper  
  19  1:27  Orbital Command  
  20  1:35  Supply Depot  
  20  1:43  Factory  
  20  1:53  SCV  
  21  1:58  Reaper  
  22  2:05  SCV  
  23  2:15  Command Center  
  23  2:18  SCV  
  24  2:27  Hellion  
  26  2:30  Supply Depot  
  26  2:32  SCV  
  26  2:34  Reaper  
  28  2:44  SCV  
  28  2:49  Hellion  
  28  2:50  Starport  
  31  2:57  SCV  
  31  3:08  Barracks Reactor  
  31  3:09  SCV  
  31  3:11  Factory Tech Lab  
  32  3:21  SCV  
  32  3:27  Orbital Command  
  32  3:30  Cyclone  
  32  3:33  SCV  
  36  3:37  Refinery  
  36  3:38  Starport Tech Lab  
  36  3:45  SCV  
  36  3:46  Marine  
  36  3:47  Marine  
  38  3:53  SCV  
  39  3:57  SCV  
  40  4:05  Supply Depot  
  40  4:08  Raven  
  40  4:09  SCV  
  42  4:10  SCV  
  42  4:18  Command Center  
  42  4:21  SCV  
  42  4:22  SCV  
  44  4:25  Cyclone  
  44  4:29  Marine x2  
  49  4:33  SCV  
  49  4:34  SCV  
  51  4:40  Supply Depot  
  51  4:45  SCV  
  51  4:46  SCV  
  51  4:49  Marine x2  
  51  4:51  Raven  
  57  4:53  Refinery  
  57  4:58  SCV  
  56  5:03  Siege Tank  
  56  5:06  SCV, Marine  
  56  5:07  Marine  
  59  5:10  SCV  
  59  5:13  Supply Depot  
  61  5:18  SCV  
  59  5:22  SCV  
  59  5:24  Marine x2  
  56  5:30  SCV  
  56  5:34  SCV  
  56  5:35  Siege Tank  
  61  5:37  Orbital Command  
  61  5:42  SCV, Marine x2  
  60  5:46  SCV  
  59  5:54  SCV  
  56  5:58  SCV  
  56  6:00  Marine x2  
  56  6:02  SCV  
  56  6:06  SCV  
  56  6:10  SCV  
  57  6:15  SCV  
  57  6:18  Marine x2  
  63  6:23  SCV x2  
Show
View Real Time Build Order
Export as new Build Order

Maru Terran - Winner!

Build Orders:  

Get SALT Encoding   

  12  0:00  SCV  
  13  0:12  SCV  
  14  0:17  Supply Depot  
  14  0:24  SCV  
  15  0:38  SCV  
  15  0:40  Barracks  
  16  0:43  Refinery  
  16  0:50  SCV  
  16  0:52  Refinery  
  17  1:02  SCV  
  18  1:14  SCV  
  19  1:27  Reaper, Orbital Command  
  19  1:32  Supply Depot  
  20  1:44  Factory  
  20  1:53  SCV  
  21  2:00  Barracks Reactor  
  21  2:05  SCV  
  22  2:17  SCV  
  23  2:23  Command Center  
  25  2:30  Hellion  
  25  2:31  SCV  
  26  2:37  Reaper  
  26  2:38  Reaper  
  26  2:42  Supply Depot  
  28  2:45  SCV  
  29  2:52  Hellion  
  31  3:04  SCV  
  32  3:10  Reaper x2  
  32  3:11  Starport  
  34  3:16  SCV  
  34  3:28  SCV  
  34  3:31  Factory Tech Lab  
  35  3:40  SCV  
  36  3:43  Refinery  
  32  3:50  Marine x2  
  32  3:51  Siege Tank  
  32  3:52  Medivac  
  39  4:00  SCV, Orbital Command  
  40  4:08  Marine x2  
  41  4:12  SCV  
  42  4:22  Starport Tech Lab  
  42  4:24  SCV, Cyclone  
  45  4:26  SCV, Marine  
  45  4:29  Supply Depot  
  48  4:36  SCV  
  50  4:38  SCV  
  50  4:39  Supply Depot  
  50  4:40  Raven  
  50  4:43  Marine  
  50  4:44  Marine  
  54  4:51  SCV x2  
  56  4:57  Siege Tank  
  58  5:03  SCV x2  
  60  5:10  Supply Depot  
  60  5:15  SCV x2  
  60  5:25  Raven  
  60  5:27  SCV x2  
  60  5:28  Command Center  
  64  5:34  Supply Depot, Siege Tank  
  67  5:39  SCV x2  
  60  5:51  SCV x2  
  61  6:03  Refinery  
  61  6:04  SCV x2  
  66  6:12  Barracks x2  
  66  6:16  SCV x2  
  68  6:19  Engineering Bay  
  68  6:20  Engineering Bay  

Tags
 
Add a new tag
Caveats
  • Supply blocks, unpowered buildings, or Contaminate may cause inaccurate times.
  • Supply counts are checked every 10 seconds.